 Dungeon Crawl Stone Soup version 0.29-a0-486-ga88943ba61 (webtiles) character file.

Game seed: 15923595462908336276

1 Colgate the Sneak (level 1, 0/12 HPs)
             Began as a Kobold Brigand on May 26, 2022.
             Slain by a jackal (3 damage)
             ... on level 1 of the Dungeon.
             The game lasted 00:00:41 (270 turns).

Colgate the Sneak (Kobold Brigand)                   Turns: 270, Time: 00:00:42

Health: 0/12       AC:  3    Str:  8    XL:     1   Next: 22%
Magic:  1/1        EV: 14    Int: 12    God:
Gold:   0          SH:  0    Dex: 16    Spells: 0/0 levels left

rFire   . . .      SeeInvis .   a - +2 dagger
rCold   . . .      Faith    .   (no shield)
rNeg    . . .      Spirit   .   b - +0 robe
rPois   .          Reflect  .   (no helmet)
rElec   .          Harm     .   c - +0 cloak
rCorr   .          Rampage  .   (no gloves)
Will    .....                   (no boots)
Stlth   ++++......              (no amulet)
HPRegen 0.04/turn               (no ring)
MPRegen 0.07/turn               (no ring)

@: no status effects
A: small, no large weapons, nightstalker 3
a: no special abilities


You were on level 1 of the Dungeon.
You visited 1 branch of the dungeon, and saw 1 of its levels.

Inventory:

Hand Weapons
 a - a +2 dagger (weapon)
Missiles
 d - 9 poisoned darts (quivered)
 e - 3 curare-tipped darts
 f - 3 boomerangs
Armour
 b - a +0 robe (worn)
 c - a +0 cloak (worn)
Potions
 g - a potion of curing {unknown}
 h - a potion of degeneration {unknown}


   Skills:
 - Level 2.1 Fighting
 + Level 2.9 Short Blades
 - Level 2.1 Throwing
 - Level 1.2 Dodging
 - Level 5.3 Stealth


You couldn't memorise any spells.
You didn't know any spells.
Your spell library was empty.

Dungeon Overview and Level Annotations

Branches:
Dungeon (1/15)

Altars:


Innate Abilities, Weirdness & Mutations

You are small and have problems with some larger weapons.
You are completely attuned to the shadows.


Message History

A dart slug and a jackal come into view.
The jackal barks!
A jackal comes into view. x2
Found a hand axe and 20 stones.
The jackal bites you.
There are monsters nearby!
The jackal barks!
You hit the jackal. The jackal bites you.
You barely miss the jackal.
The jackal bites you but does no damage.
You hit the jackal but do no damage. The jackal misses you.
The jackal bites you but does no damage.
The dart slug bites you.
You closely miss the jackal. The jackal misses you. The jackal bites you.
The jackal barely misses you. The jackal closely misses you.
The jackal barely misses you.
You closely miss the jackal. The jackal bites you.
The jackal closely misses you. The dart slug launches a dart at you.
The slug dart misses you.
The slug dart hits the jackal.
The jackal barely misses you.
You hit the jackal.
The jackal bites you but does no damage. x2
The jackal bites you.
* * * LOW HITPOINT WARNING * * *
You hit the jackal.
You kill the jackal!
The jackal closely misses you. The jackal misses you.
The dart slug bites you but does no damage.
You hit the jackal but do no damage.
The jackal bites you but does no damage.
The jackal misses you. The dart slug closely misses you. The jackal misses you.
The jackal bites you but does no damage.
You hit the jackal. The jackal closely misses you.
The jackal bites you but does no damage.
You hit the jackal.
You kill the jackal!
The jackal bites you but does no damage.
The dart slug closely misses you.
You closely miss the jackal. The jackal bites you.
You die...

()......
..........
......#....
...h†.......
...†@.......
....w.......
#...........
............
...#........
..#........
.........
.........
....
.........


You could see a dart slug and a jackal.

Vanquished Creatures
  2 jackals (D:1)
2 creatures vanquished.

Notes
Turn   | Place    | Note
-------+----------+-------------------------------------------
     0 | D:1      | Colgate the Kobold Brigand began the quest for the Orb.
     0 | D:1      | Reached XP level 1. HP: 12/12 MP: 1/1
   270 | D:1      | Slain by a jackal

Illustrated notes

Levels and vault maps discovered:
D:1:      tarquinn_simple_flora_water_b, layout_basic,
          dreamdust_ecumenical_altar_hidden_monk_grotto, fountainhead

Action                   || total
-------------------------++-------
Melee: Dagger            ||    11
Armor: Robe              ||     9
Dodge: Dodged            ||    15

Table legend: (Time is in decaauts)
 A = Elapsed time spent in this place.
 B = Non-inter-level travel time spent in this place.
 C = Inter-level travel time spent in this place.
 D = Time resting spent in this place.
 E = Time spent auto-exploring this place.
 F = Levels seen in this place.
 G = Mean time per level.
                   A        B        C        D        E       F      G
               +--------+--------+--------+--------+--------+-----+--------+
         Total |    270 |    270 |      0 |      0 |    252 |   1 |  270.0 |
       Dungeon |    270 |    270 |      0 |      0 |    252 |   1 |  270.0 |
               +--------+--------+--------+--------+--------+-----+--------+

Top non-repeatable levels by time:
     D:1: 270 daAuts
